 Dungeon Crawl Stone Soup version 0.24.0-1-gfbc8707122 (webtiles) character file.

Game seed: 6304912314776498276, levelgen mode: deterministic

287 Mrkan the Skirmisher (level 6, 0/56 HPs)
             Began as a Hill Orc Fighter on Oct 26, 2019.
             Was a Follower of Zin.
             Succumbed to Robin's poison
             ... on level 3 of the Dungeon.
             The game lasted 00:04:38 (2321 turns).

Mrkan the Skirmisher (Hill Orc Fighter)             Turns: 2321, Time: 00:04:38

Health: 0/56       AC:  8    Str: 26    XL:     6   Next: 30%
Magic:  6/6        EV:  8    Int:  8    God:    Zin [*.....]
Gold:   96         SH: 10    Dex: 10    Spells: 5/5 levels left

rFire    + . .     SeeInvis .   a - +0 war axe
rCold    + . .     Gourm    .   c - +0 shield
rNeg     . . .     Faith    .   b - +0 scale mail
rPois    +         Spirit   .   (no helmet)
rElec    +         Reflect  .   (no cloak)
rCorr    +         Harm     .   (no gloves)
MR       .....                  o - +0 pair of boots
Stlth    ..........             (no amulet)
HPRegen  0.18/turn              (no ring)
MPRegen  0.10/turn              (no ring)

@: mighty, lethally poisoned (0 -> -8), resistant
A: no striking features
a: Recite, Donate Gold, Renounce Religion


You were on level 3 of the Dungeon.
You worshipped Zin.
Zin was aware of your devotion.
You were hungry.

You visited 1 branch of the dungeon, and saw 3 of its levels.

You collected 106 gold pieces.
You donated 10 gold pieces to Zin.

Inventory:

Hand Weapons
 a - a +0 war axe (weapon)
Armour
 b - a +0 scale mail (worn)
 c - a +0 shield (worn)
 o - a +0 pair of boots (worn)
Jewellery
 s - an uncursed ring of ice {unknown}
Wands
 r - a wand of polymorph (11)
Scrolls
 g - 4 scrolls of remove curse {unknown}
 i - a scroll of fog {unknown}
 k - a scroll of enchant armour {unknown}
 m - a scroll of identify {unknown}
 p - a scroll of noise {unknown}
 q - a scroll of random uselessness {unknown}
 t - a scroll of teleportation {unknown}
 v - a scroll of enchant weapon {unknown}
Potions
 d - 3 potions of might
 e - a potion of resistance
 h - a potion of curing {unknown}
 j - a potion of cancellation {unknown}
 l - a potion of haste {unknown}
 n - a potion of brilliance {unknown}
 u - a potion of berserk rage {unknown}
 w - a potion of mutation {unknown}
 x - a potion of degeneration {unknown}
 z - a potion of heal wounds {unknown}
Comestibles
 f - 7 rations


   Skills:
 + Level 5.5 Fighting
 + Level 5.4 Axes
 - Level 3.2 Armour
 + Level 5.1 Shields


You had 5 spell levels left.
You didn't know any spells.
Your spell library was empty.

Dungeon Overview and Level Annotations

Branches:
Dungeon (3/15)

Altars:
Ashenzari
Elyvilon
Kikubaaqudgha
Okawaru
Trog
Uskayaw
Xom
Zin
The Shining One


Message History

* * * LOW HITPOINT WARNING * * *
You feel sick. You block the goblin's attack. The goblin closely misses you.
You barely miss the goblin.
The goblin is moderately wounded.
* * * LOW HITPOINT WARNING * * *
You feel sick. The goblin closely misses you.
You hit the goblin.
The goblin is moderately wounded.
* * * LOW HITPOINT WARNING * * *
You feel sick. The goblin barely misses you.
You feel very mighty all of a sudden.
* * * LOW HITPOINT WARNING * * *
You feel sick. You block the goblin's attack.
You hit the goblin.
The goblin is severely wounded.
* * * LOW HITPOINT WARNING * * *
You feel sick. You block the goblin's attack. x2
It was a potion of resistance.
You feel protected.
You die...

#.# #.###### #.#
#.# #....... #.#
#.# ######## #.#
#.# #.# #.# #.# #.#
#.# #.# #.# #.# #.#
#@# # #.# #g#
#.##.#.#####)####.#
#.................#
####.#.......######
#.............
.............>...
###########.#####
#.#


You could see a goblin.

Vanquished Creatures
  2 orc priests (D:3)
  Jessica (D:3)
  An iguana (D:2)
  An orc wizard (D:3)
  A worker ant zombie (D:3)
  Robin (D:3)
  5 adders
  An ooze (D:2)
  An adder skeleton (D:3)
  4 dart slugs (D:2)
  A leopard gecko (D:3)
  8 orcs (D:3)
  A ball python (D:3)
  2 giant cockroaches
  11 goblins
  4 hobgoblins
  3 jackals (D:2)
  6 bats
  3 frilled lizards
  6 kobolds
  7 rats
70 creatures vanquished.

Notes
Turn   | Place    | Note
-------+----------+-------------------------------------------
     0 | D:1      | Mrkan the Hill Orc Fighter began the quest for the Orb.
     0 | D:1      | Reached XP level 1. HP: 19/19 MP: 1/1
   173 | D:1      | Reached XP level 2. HP: 27/27 MP: 2/2
   870 | D:2      | Reached XP level 3. HP: 33/33 MP: 3/3
   996 | D:2      | Reached XP level 4. HP: 25/41 MP: 4/4
  1461 | D:3      | Found an iron altar of Okawaru.
  1462 | D:3      | Found a glowing golden altar of the Shining One.
  1463 | D:3      | Found an ancient bone altar of Kikubaaqudgha.
  1476 | D:3      | Reached XP level 5. HP: 32/47 MP: 5/5
  1478 | D:3      | Found a hide-covered altar of Uskayaw.
  1478 | D:3      | Found a bloodstained altar of Trog.
  1481 | D:3      | Found a white marble altar of Elyvilon.
  1481 | D:3      | Found a glowing silver altar of Zin.
  1482 | D:3      | Found a shattered altar of Ashenzari.
  1669 | D:3      | Became a worshipper of Zin the Law-Giver
  1705 | D:3      | Reached * piety under Zin
  1875 | D:3      | Reached skill level 5 in Fighting
  1959 | D:3      | Reached skill level 5 in Axes
  1963 | D:3      | Reached XP level 6. HP: 42/56 MP: 6/6
  2009 | D:3      | Found a shimmering altar of Xom.
  2166 | D:3      | Reached skill level 5 in Shields
  2239 | D:3      | Noticed Jessica
  2259 | D:3      | Killed Jessica
  2296 | D:3      | Noticed Robin
  2314 | D:3      | Killed Robin
  2319 | D:3      | HP: 2/56 [poisoned by Robin]
  2321 | D:3      | Succumbed to Robin's poison

Levels and vault maps discovered:
D:1:      psy_arrival_fountain, layout_loops_cross
D:2:      layout_rooms, chequers_decorated_corner
D:3:      layout_basic, grunt_temple_overflow_open, serial_undead,
          serial_undead_e, serial_undead_c, serial_undead_b, serial_undead_c,
          xom_teletrap_fun, uniq_jessica, uniq_robin

Skill      XL: |  1  2  3  4  5  6 |
---------------+-------------------+-----
Axes           | 3 4 5 |  5.4
Fighting       | 4 5 |  5.5
Shields        | 4 5 |  5.1
Armour         | |  3.2

Action                   |  1- 3 |  4- 6 || total
-------------------------+-------+-------++-------
Melee: War axe           |    85 |   107 ||   192
Invok: Recite            |       |     1 ||     1
  Use: Potion            |       |     2 ||     2
  Eat: Chunk             |       |     4 ||     4
Armor: Scale mail        |    56 |    54 ||   110
Dodge: Dodged            |    32 |    39 ||    71
Block: Shield            |    58 |    71 ||   129
